 Dungeon Crawl Stone Soup version 0.23.2-40-g277498a001 (webtiles) character file.

Game seed: 18190098237859590788

943 Htamos the Destroyer (level 7, -9/36 HPs)
             Began as a Deep Elf Conjurer on Aug 24, 2019.
             Mangled by a two-headed ogre
             ... wielding a +0 giant club
              (17 damage)
             ... on level 5 of the Dungeon.
             The game lasted 00:18:46 (6049 turns).

Htamos the Destroyer (Deep Elf Conjurer)            Turns: 6049, Time: 00:18:47

Health: -9/36      AC:  3    Str:  5    XL:     7   Next: 88%
Magic:  10/20      EV: 13    Int: 22    God:
Gold:   215        SH:  0    Dex: 15    Spells: 16/21 levels left

rFire    . . .     SeeInvis .   u - staff of energy
rCold    . . .     Gourm    .   (no shield)
rNeg     . . .     Faith    .   a - +0 robe
rPois    .         Spirit   .   (no helmet)
rElec    .         Reflect  .   (no cloak)
rCorr    .         Harm     .   (no gloves)
MR       .....                  n - +0 pair of boots
Stlth    ++........             (no amulet)
HPRegen  0.12/turn              (no ring)
MPRegen  0.17/turn              (no ring)

@: no status effects
A: no striking features
a: no special abilities


You were on level 5 of the Dungeon.
You were hungry.

You visited 1 branch of the dungeon, and saw 5 of its levels.

You collected 215 gold pieces.

Inventory:

Hand Weapons
 d - a +1 whip of flaming
 j - a cursed -1 dagger
 o - a +0 falchion
Armour
 a - a +0 robe (worn)
 b - a +0 helmet
 k - a +0 shield
 n - a +0 pair of boots (worn)
 w - a +0 scale mail of fire resistance
Magical Staves
 u - an uncursed staff of energy (weapon)
Jewellery
 r - a cursed -2 ring of evasion {unknown}
 s - an uncursed amulet of the gourmand {unknown}
Wands
 q - a wand of acid (7)
 B - a wand of iceblast (5)
Scrolls
 g - 2 scrolls of fear {unknown}
 h - 4 scrolls of identify
 i - 5 scrolls of teleportation {unknown}
 l - 2 scrolls of remove curse
 p - a scroll of random uselessness {unknown}
 v - a scroll of amnesia {unknown}
 x - 3 scrolls of enchant weapon {unknown}
 y - a scroll of magic mapping {unknown}
Potions
 e - 5 potions of curing {unknown}
 f - a potion of brilliance {unknown}
 m - 2 potions of degeneration {unknown}
 t - a potion of lignification {unknown}
 A - a potion of ambrosia {unknown}
Comestibles
 c - 8 rations


   Skills:
 - Level 3.3 Dodging
 - Level 2.4 Stealth
 + Level 7.7 Spellcasting
 * Level 8.8 Conjurations


You had 16 spell levels left.
You knew the following spells:

 Your Spells              Type           Power        Failure   Level  Hunger
a - Magic Dart            Conj           ####         1%          1    None
b - Iskenderun's Mystic   Conj           #####...     1%          4    None

Your spell library contained the following spells:

 Spells                   Type           Power        Failure   Level  Hunger
 Searing Ray              Conj           #####.       1%          2    None
 Dazzling Spray           Conj/Hex       ####..       3%          3    None
 Force Lance              Conj/Tloc      ####....     12%         4    None
 Fulminant Prism          Conj/Hex       ####......   12%         4    None


Dungeon Overview and Level Annotations

Branches:
Dungeon (5/15)
 Temple: D:4-7

Altars:
Ashenzari
Wu Jian


Message History

The two-headed ogre is moderately wounded.
Casting: Iskenderun's Mystic Blast (safe; 1% risk of failure)
Confirm with . or Enter, or press ? or * to list all spells.
Aiming: Iskenderun's Mystic Blast (safe; 1% risk of failure)
Press: ? - help, Shift-Dir - straight line, f/p - two-headed ogre
Aim: a two-headed ogre, wielding two +0 giant clubs (moderately wounded)
The orb of energy hits the two-headed ogre but does no damage.
The two-headed ogre is moderately wounded.
The orb of energy explodes!
* * * LOW MAGIC WARNING * * *
All of the chunks of flesh in your inventory have rotted away.
Okay, then.
Your magical contamination has completely faded away.
Evoke which item? (* to show all) (? for menu, Esc to quit)
Nothing appears to happen.
The two-headed ogre hits you with a +0 giant club!!
Ouch! That really hurt!
* * * LOW HITPOINT WARNING * * *
The two-headed ogre hits you with a +0 giant club!
You die...

#.###.##...........'..#######
....#..#...........#..#....#
....#..##'###......#'###...#
............#..........#...#
†...#..##...#..........###'##
....#.......#...............#
#.#####.###.#...............#
....#..8..#.................#
.#..#.....#....O@...........#
###..8.8.8..#######....##'###
.#..#.....#.##....#.>..#...#
....#..8..#..#....#O...#...#
#.#####.###..#....#....#...#
....#........#....#....#...#
.⌠..#........#....#....#...#
⌠⌠⌠..........###'##....#...#
.⌠..#..................#...#


You could see a two-headed ogre.

Vanquished Creatures
  An orc warrior (D:5)
  2 ogres
  A centaur (D:5)
  A scorpion (D:5)
  2 crimson imps
  A centaur zombie (D:3)
  2 jellies
  2 orc priests
  2 orc wizards
  An iguana (D:5)
  2 worker ants
  A hound skeleton (D:5)
  A gnoll (D:1)
  6 adders
  3 oozes
  3 worms
  3 dart slugs
  9 leopard geckos
  11 orcs
  5 ball pythons
  5 bats
  2 giant cockroaches
  12 goblins
  7 hobgoblins
  10 jackals
  2 kobolds (D:2)
  A quokka (D:2)
  5 frilled lizards
  A jackal skeleton (D:4)
  A leopard gecko skeleton (D:4)
  10 rats
115 creatures vanquished.

Notes
Turn   | Place    | Note
-------+----------+-------------------------------------------
     0 | D:1      | Htamos the Deep Elf Conjurer began the quest for the Orb.
     0 | D:1      | Reached XP level 1. HP: 10/10 MP: 6/6
   307 | D:1      | Reached XP level 2. HP: 10/15 MP: 4/8
   665 | D:1      | Reached XP level 3. HP: 19/19 MP: 7/10
  1653 | D:2      | Reached XP level 4. HP: 24/24 MP: 7/12
  1739 | D:2      | Learned a level 4 spell: Iskenderun's Mystic Blast
  1916 | D:2      | Reached skill level 5 in Conjurations
  2444 | D:3      | Reached skill level 5 in Spellcasting
  2691 | D:2      | Reached XP level 5. HP: 28/28 MP: 7/14
  3436 | D:3      | Reached skill level 6 in Conjurations
  3894 | D:3      | Reached XP level 6. HP: 18/32 MP: 6/16
  3895 | D:3      | Found an ornate altar of the Wu Jian Council.
  4034 | D:3      | Found a shattered altar of Ashenzari.
  4398 | D:4      | Reached skill level 7 in Conjurations
  4990 | D:5      | Entered Level 5 of the Dungeon
  5009 | D:5      | Reached XP level 7. HP: 36/36 MP: 14/19
  5270 | D:5      | Noticed a two-headed ogre
  5323 | D:5      | Reached skill level 8 in Conjurations
  6049 | D:5      | Mangled by a two-headed ogre

Skill      XL: |  1  2  3  4  5  6  7 |
---------------+----------------------+-----
Spellcasting   | 4 5 6 7 |  7.7
Dodging        | 3 |  3.3
Conjurations   | 5 6 7 8 |  8.8
Stealth        | |  2.4

Action                   |  1- 3 |  4- 6 |  7- 9 || total
-------------------------+-------+-------+-------++-------
 Cast: Magic Dart        |    87 |   159 |    47 ||   293
       Iskenderun's Myst |       |    12 |    14 ||    26
  Use: Potion            |       |     1 |       ||     1
       Scroll            |       |     2 |       ||     2
  Eat: Chunk             |     2 |    11 |     3 ||    16
Armor: Robe              |     1 |     9 |     2 ||    12
Dodge: Dodged            |     7 |    31 |     9 ||    47
